 Dungeon Crawl Stone Soup version 0.24-a0-201-gf205589 (webtiles) character file.

Game seed: 2426568854643300333

8477 Lanoc the Cleaver (level 11, -4/109 HPs)
             Began as a Troll Gladiator on Mar 23, 2019.
             Was a Follower of Uskayaw.
             Slain by a hornet zombie (5 damage)
             ... on level 9 of the Dungeon.
             The game lasted 00:16:35 (6614 turns).

Lanoc the Cleaver (Troll Gladiator)                 Turns: 6614, Time: 00:16:36

Health: -4/109     AC:  8    Str: 33      XL:     11   Next: 10%
Magic:  13/13      EV: 13    Int: 10      God:    Uskayaw [*.....]
Gold:   361        SH:  0    Dex: 12 (14) Spells: 10/10 levels left

rFire    + . .     SeeInvis .   a - +0 war axe
rCold    . . .     Gourm    +   (no shield)
rNeg     . . .     Faith    .   C - +2 robe {rF+}
rPois    .         Spirit   .   r - +1 hat {Int+3}
rElec    .         Reflect  .   (no cloak)
rCorr    .         Harm     .   (gloves unavailable)
MR       .....                  (boots unavailable)
Stlth    +.........             (no amulet)
HPRegen  0.68/turn              q - +2 ring of strength
MPRegen  0.13/turn              m - +3 ring of intelligence

@: mighty, slowed, very slow
A: large, unfitting armour, beak, claws 3, deformed body, fast metabolism 3,
gourmand, regeneration 1, shaggy fur 1, strong 1, tough skin 3
a: Stomp, Renounce Religion


You were on level 9 of the Dungeon.
You worshipped Uskayaw.
Uskayaw was noncommittal.
You were not hungry.

You visited 2 branches of the dungeon, and saw 10 of its levels.
You also visited: Ossuary.

You collected 361 gold pieces.

Inventory:

Hand Weapons
 a - a +0 war axe (weapon)
 h - a +2 battleaxe
Missiles
 d - 2 throwing nets (quivered)
Armour
 r - a +1 hat of intelligence (worn)
 C - a +2 robe of fire resistance (worn)
Jewellery
 m - a +3 ring of intelligence (right claw)
 q - a +2 ring of strength (left claw)
 B - the ring "Hosok" {Ice *Corrode Str+2 SInv}
   (You took it off an orc on level 8 of the Dungeon)

   [ring of ice]

   It enhances your ice magic.
   It affects your strength (+2).
   It makes you vulnerable to fire.
   It protects you from cold.
   It lets you see invisible.
   It may corrode you when you take damage.
Wands
 e - a wand of polymorph (7)
 n - a wand of iceblast (13)
Scrolls
 b - 4 scrolls of blinking {unknown}
 g - 11 scrolls of remove curse
 o - 3 scrolls of teleportation
 p - a scroll of enchant weapon
 s - 2 scrolls of magic mapping
 u - 2 scrolls of enchant armour {unknown}
 v - a scroll of fog {unknown}
 x - 2 scrolls of fear {unknown}
 y - a scroll of amnesia {unknown}
 D - a scroll of holy word {unknown}
Potions
 i - 2 potions of brilliance
 j - 2 potions of curing
 l - 2 potions of mutation
 t - 2 potions of flight
 w - 2 potions of ambrosia
 z - a potion of degeneration {unknown}
Comestibles
 f - 19 rations


   Skills:
 + Level 7.0 Fighting
 * Level 10.1 Axes
 - Level 1.7 Throwing
 + Level 7.3 Dodging
 + Level 5.0 Invocations


You had 10 spell levels left.
You didn't know any spells.
Your spell library contained the following spells:

 Spells                   Type           Power        Failure   Level  Hunger
 Corona                   Hex            #......      36%         1    ##.....
 Ensorcelled Hibernation  Hex/Ice        #.....       50%         2    ###....
 Confuse                  Hex            #.......     75%         3    ####...
 Dazzling Spray           Conj/Hex       #.....       75%         3    ####...
 Tukima's Dance           Hex            #.......     75%         3    ####...


Dungeon Overview and Level Annotations

Branches:
Dungeon (9/15)             Temple (1/1) D:6            Lair (0/6) D:8
    Orc: D:9-12

Altars:
Ashenzari
Cheibriados
Dithmenos
Elyvilon
Fedhas
Gozag
Hepliaklqana
Kikubaaqudgha
Makhleb
Nemelex Xobeh
Okawaru
Qazlal
Ru
Sif Muna
Trog
Uskayaw
Vehumet
Wu Jian
Xom
Yredelemnul
Zin
The Shining One


Innate Abilities, Weirdness & Mutations

You are too large for most types of armour.
You have claws for hands.
Your metabolism is lightning-fast.
You like to eat raw meat.
Your natural rate of healing is unusually fast.
You are covered in fur. (AC +1)
You have extremely tough skin. (AC +3)
You have a beak for a mouth.
Armour fits poorly on your strangely shaped body.
Your muscles are strong. (Str +2)


Message History

* * * LOW HITPOINT WARNING * * *
The hornet stings you.
* * * LOW HITPOINT WARNING * * *
You feel as though you will be slow longer.
You closely miss the hornet.
The hornet is moderately wounded.
You slash the hornet zombie! The hornet zombie misses you.
The hornet barely misses you.
The hornet zombie hits you but does no damage.
The hornet misses you.
You slash the hornet! You peck the hornet.
The hornet is almost dead.
You slash the hornet zombie! The hornet completely misses you.
The hornet zombie hits you!
* * * LOW HITPOINT WARNING * * *
The hornet stings you!
* * * LOW HITPOINT WARNING * * *
You feel as though you will be slow longer.
The hornet zombie hits you.
You die...

#.............#.....#.......
#.............#.....###'###.
#.............#......#....#.
#.............##....##....#.
######+####'####....##....#.
#.............#....##....#.
#.............#....##....#.
#.............#..........#.
#......###@####..........#.
#......##Zy..##..........'.
#......##....##....##....#.
#......##....#############.
#......#...... #.
#......+......# #.
#......#......# #.
############### #. ##


You could see a hornet and a hornet zombie.

Vanquished Creatures
  Gastronok (D:9)
  A two-headed ogre (D:9)
  Pikel (D:5)
  A komodo dragon (D:8)
  A troll (D:9)
  Prince Ribbit (D:5)
  6 yaks (D:8)
  3 hungry ghosts
  2 ice beasts
  A sky beast (D:9)
  A slave (D:5)
  An orc warrior (D:9)
  A phantom (D:5)
  8 ogres
  6 centaurs
  2 big kobolds (D:9)
  7 bullfrogs
  2 water moccasin zombies (Ossuary)
  3 scorpions
  3 killer bees (D:9)
  2 howler monkeys (D:6)
  4 wights (D:7)
  4 crimson imps
  A centaur zombie (D:8)
  A bullfrog zombie (D:9)
  A jelly (D:9)
  A quasit (D:9)
  A bullfrog skeleton (D:5)
  A hound (D:6)
  4 orc wizards
  5 orc priests
  3 iguanas
  Ijyb (D:3)
  5 worker ants
  A big kobold zombie (Ossuary)
  A hound skeleton (D:5)
  2 mummies (Ossuary)
  A worker ant zombie (D:8)
  11 adders
  3 shadow imps
  2 oozes
  A worm zombie (D:5)
  2 adder skeletons
  9 adder zombies
  2 dart slugs (D:1)
  5 leopard geckos
  25 orcs
  2 bats
  2 giant cockroaches
  2 gnoll zombies (Ossuary)
  19 goblins
  2 hobgoblins
  5 jackals
  11 kobolds
  A quokka (D:8)
  4 frilled lizards
  4 hobgoblin zombies (Ossuary)
  6 kobold zombies (Ossuary)
  6 orc zombies (Ossuary)
215 creatures vanquished.

Vanquished Creatures (others)
  A slave (D:5)
  A scorpion (D:5)
  4 plants (D:8)
6 creatures vanquished.

Grand Total: 221 creatures vanquished

Notes
Turn   | Place    | Note
-------+----------+-------------------------------------------
     0 | D:1      | Lanoc the Troll Gladiator began the quest for the Orb.
     0 | D:1      | Reached XP level 1. HP: 19/19 MP: 0/0
    98 | D:1      | Reached XP level 2. HP: 28/28 MP: 1/1
   250 | D:3      | Reached skill level 3 in Axes
   250 | D:3      | Reached XP level 3. HP: 27/35 MP: 2/2
   587 | D:3      | Noticed Ijyb
   603 | D:3      | Killed Ijyb
   603 | D:3      | Reached XP level 4. HP: 23/42 MP: 3/3
  1514 | D:4      | Noticed an ogre
  1519 | D:4      | HP: 1/44 [ogre/cursed +0 giant club (27)]
  1533 | D:4      | Gained mutation: Armour fits poorly on your strangely
                  | shaped body. [potion of mutation]
  1533 | D:4      | Gained mutation: Your muscles are strong. (Str +2) [potion
                  | of mutation]
  1533 | D:4      | Gained mutation: You have a beak for a mouth. [potion of
                  | mutation]
  1543 | D:4      | Reached XP level 5. HP: 26/50 MP: 4/4
  1545 | D:4      | Killed an ogre
  1545 | D:4      | Reached skill level 4 in Axes
  1565 | D:4      | Reached XP level 6. HP: 26/59 MP: 5/5
  1818 | D:4      | Found a white marble altar of Elyvilon.
  2050 | D:5      | Entered Level 5 of the Dungeon
  2077 | D:5      | Reached skill level 5 in Axes
  2110 | D:5      | Found a sand-covered staircase.
  2138 | D:5      | Reached XP level 7. HP: 38/67 MP: 6/6
  2187 | Ossuary  | Entered an ossuary
  2371 | D:5      | HP: 2/68 [ice beast (12)]
  2504 | D:5      | Reached skill level 6 in Axes
  2504 | D:5      | Reached XP level 8. HP: 52/78 MP: 7/7
  2581 | D:5      | Noticed Pikel
  2599 | D:5      | Killed Pikel
  2599 | D:5      | Reached skill level 7 in Axes
  2599 | D:5      | Reached skill level 5 in Dodging
  2694 | D:5      | Found a glowing silver altar of Zin.
  2740 | D:5      | Noticed Prince Ribbit
  2748 | D:5      | Killed Prince Ribbit
  2748 | D:5      | Reached skill level 5 in Fighting
  2932 | D:6      | Found a staircase to the Ecumenical Temple.
  2941 | Temple   | Entered the Ecumenical Temple
  3065 | Temple   | Became a worshipper of Uskayaw the Reveler
  3090 | D:6      | Reached * piety under Uskayaw
  3113 | D:6      | Reached XP level 9. HP: 86/88 MP: 8/8
  3113 | D:6      | Reached ** piety under Uskayaw
  3219 | D:6      | Reached *** piety under Uskayaw
  3257 | D:6      | Reached skill level 1 in Invocations
  3381 | D:6      | Reached **** piety under Uskayaw
  3894 | D:7      | Reached skill level 8 in Axes
  4002 | D:7      | Found a burning altar of Makhleb.
  4807 | D:8      | Identified the ring "Hosok" {Ice *Corrode Str+2 SInv}
  4941 | D:8      | Reached XP level 10. HP: 71/98 MP: 11/11
  4942 | D:8      | Found a glowing golden altar of the Shining One.
  4950 | D:8      | Reached ***** piety under Uskayaw
  4958 | D:8      | Reached ****** piety under Uskayaw
  4964 | D:8      | Reached skill level 9 in Axes
  4965 | D:8      | Found an opulent altar of Gozag.
  5269 | D:8      | Found a staircase to the Lair.
  5543 | D:9      | Noticed a two-headed ogre
  5547 | D:9      | Killed a two-headed ogre
  5589 | D:9      | Found a deep blue altar of Sif Muna.
  5851 | D:9      | Found a shadowy altar of Dithmenos.
  5937 | D:9      | Noticed Gastronok
  5951 | D:9      | Killed Gastronok
  5951 | D:9      | Reached skill level 10 in Axes
  5951 | D:9      | Reached XP level 11. HP: 107/107 MP: 13/13
  6031 | D:9      | Reached skill level 5 in Invocations
  6608 | D:9      | Paralysed by a hornet for 2 turns
  6609 | D:9      | HP: 5/109 [hornet (6)]
  6614 | D:9      | HP: 1/109 [hornet (15)]
  6614 | D:9      | Slain by a hornet zombie

Levels and vault maps discovered:
D:1:      evilmike_arrival_run_for_it, layout_loops_cross,
          minmay_split_cup_small
D:2:      layout_loops_corners
D:3:      kennysheep_goblin_castle, layout_basic
D:4:      layout_basic, elyvilon_altar_1, first_ration, minmay_goblin_outpost
D:5:      layout_cave_pools, zin_treasury, enter_ossuary_3, uniq_pikel,
          uniq_prince_ribbit1
D:6:      layout_cave_pools, minmay_temple_entry_large_hall,
          grunt_decor_arrowhead
D:7:      layout_basic, basic_altar
D:8:      layout_basic, grunt_temple_overflow_open, david_lair_shrubbed
D:9:      layout_gridville, led_sif_pool, kennysheep_little_box, fountainhead,
          hangedman_little_slice_of_home, skrybe_limestone_x, uniq_gastronok
Temple:   eino_temple_scatter_basement
Ossuary:  ossuary_tomb_2

Skill      XL: |  1  2  3  4  5  6  7  8  9 10 11 |
---------------+----------------------------------+-----
Fighting       | 2 3 4 5 6 7 |  7.0
Axes           | 3 4 5 6 7 8 10 | 10.1
Dodging        | 3 4 5 6 7 |  7.3
Invocations    | 3 4 5 |  5.0
Throwing       | |  1.7

Action                   |  1- 3 |  4- 6 |  7- 9 | 10-12 || total
-------------------------+-------+-------+-------+-------++-------
Melee: War axe           |    96 |   101 |   316 |   177 ||   690
       Peck              |       |    21 |    83 |    47 ||   151
Throw: Throwing net      |       |       |     3 |       ||     3
Invok: Grand Finale      |       |       |       |     1 ||     1
  Use: Potion            |       |     6 |     7 |     7 ||    20
       Scroll            |       |     4 |     5 |       ||     9
 Stab: Sleeping          |     1 |     1 |     1 |       ||     3
       Held in net/web   |       |       |     3 |       ||     3
       Paralysed         |       |       |     8 |    11 ||    19
       Invisible         |       |       |     4 |       ||     4
  Eat: Chunk             |    11 |    14 |    39 |    22 ||    86
Armor: Robe              |    47 |    29 |    80 |    62 ||   218
Dodge: Dodged            |    67 |    66 |   229 |   167 ||   529

Table legend:
 A = Non-vault XP
 B = Vault XP
 C = Vault XP percentage of total XP
 D = Non-vault monster count
 E = Vault monster count
 F = Vault count percentage of total count
                 A         B        C        D         E       F
            +---------+---------+-------+---------+---------+-------
      Total |    8322 |    3789 |  31.3 |     157 |      57 |  26.6
            +---------+---------+-------+---------+---------+-------
        D:1 |      15 |       0 |   0.0 |       6 |       0 |   0.0
        D:2 |       2 |       0 |   0.0 |       1 |       0 |   0.0
        D:3 |      67 |      58 |  46.4 |      15 |      12 |  44.4
        D:4 |     332 |      18 |   5.1 |      12 |       9 |  42.9
        D:5 |     982 |     915 |  48.2 |      15 |       3 |  16.7
        D:6 |     793 |       0 |   0.0 |      24 |       0 |   0.0
        D:7 |    1288 |       0 |   0.0 |      19 |       0 |   0.0
        D:8 |    2104 |     338 |  13.8 |      26 |       1 |   3.7
        D:9 |    2739 |    2182 |  44.3 |      39 |       1 |   2.5
    Ossuary |       0 |     278 | 100.0 |       0 |      31 | 100.0
            +---------+---------+-------+---------+---------+-------
